Map: Orbital Shipyard

Players

Michael

  • Race: Zerg Zerg
  • League: Grandmaster

wabbajack - Winner!

  • Race: Zerg Zerg
  • League: Gold

VOD

Have the link to the VOD?

Description

Time

  • Played on: July 20, 2015, 6:15 p.m.
  • Length: 6:03
Show
View Real Time Build Order
Export as new Build Order

Michael Zerg 

Build Orders: Hatch First, Ravager All-In 

Get SALT Encoding   

  12  0:03  Drone  
  13  0:13  Drone  
  14  0:16  Drone, Extractor  
  15  0:39  Hatchery  
  14  0:49  Overlord  
  14  0:54  Extractor  
  14  0:55  Drone  
  14  0:56  Drone, Extractor  
  16  1:08  Drone  
  17  1:13  Spawning Pool  
  16  1:21  Drone, Extractor  
  16  1:22  Drone  
  18  1:32  Drone  
  18  1:59  Queen  
  18  2:00  Queen  
  23  2:01  Zergling x6  
  23  2:03  Zergling x2  
  23  2:08  Overlord  
  26  2:14  Extractor  
  25  2:17  Drone x2  
  27  2:25  Metabolic Boost  
  27  2:34  Roach Warren  
  27  2:36  Drone  
  27  2:39  Drone  
  27  2:44  Drone  
  29  2:47  Drone  
  29  2:50  Drone  
  31  2:53  Drone  
  31  2:56  Drone  
  33  3:00  Drone  
  33  3:07  Drone  
  31  3:15  Drone x4  
  31  3:18  Overlord  
  35  3:25  Overlord  
  35  3:37  Roach x3  
  35  3:38  Roach  
  43  3:43  Roach  
  43  3:44  Roach  
  43  3:46  Drone  
  48  3:48  Drone  
  48  3:50  Drone  
  48  3:52  Drone  
  48  3:54  Drone  
  52  4:07  Overlord  
  52  4:14  Overlord  
  52  4:17  Hatchery  
  51  4:32  Drone x10  
  61  4:40  Extractor  
  61  4:42  Roach x2, Extractor  
  61  4:43  Overlord  
  63  4:52  Ravager x5  
  68  4:58  Overlord  
  68  5:04  Roach x4  
  76  5:19  Overlord  
  76  5:21  Roach, Zergling x4  
  79  5:22  Roach x2  
  79  5:24  Overlord  
  84  5:30  Drone  
  87  5:44  Roach  
Show
View Real Time Build Order
Export as new Build Order

wabbajack Zerg - Winner!

Build Orders: Hatch First 

Get SALT Encoding   

  12  0:01  Drone  
  13  0:13  Overlord  
  13  0:32  Drone x3, Extractor  
  16  0:43  Drone  
  17  0:56  Hatchery  
  16  0:58  Extractor  
  16  1:02  Drone  
  16  1:05  Drone  
  17  1:19  Spawning Pool  
  16  1:31  Drone x2  
  18  1:38  Drone  
  19  1:53  Overlord  
  19  2:06  Queen  
  19  2:07  Queen  
  23  2:10  Drone x3  
  26  2:16  Metabolic Boost  
  26  2:19  Drone  
  26  2:22  Drone  
  28  2:41  Spine Crawler  
  27  2:45  Roach Warren  
  26  2:51  Spine Crawler  
  26  2:57  Spine Crawler  
  24  3:25  Drone x2  
  24  3:26  Drone  
  28  3:27  Drone x2  
  28  3:29  Drone  
  28  3:30  Overlord x2  
  30  3:43  Roach  
  30  3:44  Roach x2  
  36  4:00  Overlord  
  36  4:02  Roach  
  44  4:03  Roach x5  
  48  4:10  Roach  
  48  4:11  Roach  
  52  4:30  Overlord  
  52  4:32  Roach x4  
  52  4:36  Overlord  
  60  4:45  Drone, Extractor x2  
  59  4:46  Drone  
  62  5:03  Zergling x22  
  62  5:04  Zergling x2  
  74  5:13  Overlord  
  74  5:14  Overlord  
  74  5:33  Zergling x2  
  74  5:34  Zergling x8  
Tags
 
Add a new tag
Caveats
  • Supply blocks, unpowered buildings, or Contaminate may cause inaccurate times.
  • Supply counts are checked every 10 seconds.